 Dungeon Crawl Stone Soup version 0.30-a0-782-ge64f9170bb (webtiles) character file.

Game seed: 15080042051234168024

49 112233 the Ducker (level 3, -2/26 HPs)
             Began as an Octopode Fighter on Feb 25, 2023.
             Succumbed to a goblin's poison
             ... on level 1 of the Dungeon.
             The game lasted 00:00:47 (871 turns).

112233 the Ducker (Octopode Fighter)                 Turns: 871, Time: 00:00:48

Health: -2/26      AC:  1    Str: 21    XL:     3   Next: 77%
Magic:  3/3        EV: 13    Int: 10    God:
Gold:   20         SH:  5    Dex: 13    Spells: 2/2 levels left

rFire   . . .      SeeInvis .      - Unarmed
rCold   . . .      Faith    .    a - +0 buckler
rNeg    . . .      Spirit   .    (helmet restricted)
rPois   .          Reflect  .    k - amulet of regeneration
rElec   .          Harm     .    l - +6 ring of strength
rCorr   .          Rampage  .    (no ring)
Will    .....                    (no ring)
Stlth   ++                       (no ring)
HPRegen 1.04/turn                (no ring)
MPRegen 0.08/turn                (no ring)
                                 (no ring)
                                 (no ring)

@: lethally poisoned (-2 -> -14)
A: almost no armour, amphibious, 8 rings, camouflage 1, gelatinous body 1,
(nimble swimmer 1), tentacles
a: no special abilities


You were on level 1 of the Dungeon.
You visited 1 branch of the dungeon, and saw 3 of its levels.

You collected 20 gold pieces.

Inventory:

Armour
 a - a +0 buckler (worn)
Jewellery
 k - an amulet of regeneration (around mantle)
 l - a +6 ring of strength (left tentacle)
Scrolls
 d - 2 scrolls of identify {unknown}
 g - 2 scrolls of magic mapping {unknown}
 h - 2 scrolls of immolation {unknown}
 m - a scroll of fog {unknown}
 n - a scroll of fear {unknown}
Potions
 b - a potion of might
 c - 2 potions of attraction {unknown}
 e - 3 potions of brilliance {unknown}
 f - 2 potions of curing {unknown}
 i - a potion of lignification {unknown}
 j - a potion of haste {unknown}


   Skills:
 + Level 3.4 Fighting
 + Level 3.4 Dodging
 + Level 3.4 Shields
 + Level 2.5 Unarmed Combat


You had 2 spell levels left.
You didn't know any spells.
Your spell library was empty.

Dungeon Overview and Level Annotations

Branches:
Dungeon (3/15)

Altars:

Shops:
D:1 !

Annotations:
D:2 Robin
D:3 1 transporter


Innate Abilities, Weirdness & Mutations

You cannot wear most types of armour.
You are amphibious.
You can wear up to eight rings at the same time.
Your skin changes colour to match your surroundings (Stealth+).
Your rubbery body absorbs attacks. (AC +1, EV +1)
((You are camouflaged when in or above water. (Stealth+)))
You have tentacles for arms and can constrict up to eight enemies at once.


Message History

Robin throws the goblin at you!
The goblin shoots a sling bullet.
You block the sling bullet. The quokka completely misses you.
Things that are here:
a +0 dagger; a goblin corpse
There are monsters nearby!
There are monsters nearby!
The hobgoblin shouts!
You tentacle-slap the quokka. Your grab misses the quokka.
Your squeeze misses the quokka.
The quokka is severely wounded.
The goblin hits you with a +2 dagger of venom.
You are poisoned.
The goblin shoots a sling bullet.
The sling bullet barely misses you. The quokka closely misses you.
There are monsters nearby!
The goblin attacks as you move away! The goblin barely misses you.
You feel very sick. The bat hits you but does no damage.
The bat attacks as you move away! The bat hits you.
The quokka attacks as you move away! You block the quokka's attack.
You feel sick. The bat barely misses you. The goblin closely misses you.
The goblin shoots a sling bullet.
The sling bullet misses you.
The sling bullet misses the goblin.
The quokka closely misses you. The quokka attacks as you move away!
The quokka barely misses you.
You feel sick. The goblin hits you with a +0 club.
The goblin shoots a sling bullet.
You block the sling bullet. The bat barely misses you.
You feel sick. The bat misses you.
Robin roars a battlecry!
The goblin goes into a battle-frenzy!
The goblin shoots a sling bullet.
You block the sling bullet.
There is a stone staircase leading up here.
You feel sick. You block the goblin's attack.
The goblin hits you with a +2 dagger of venom!
* * * LOW HITPOINT WARNING * * *
You are lethally poisoned!
Robin says, "A pitiful Octopus like you will never find the ORB!"
The goblin shoots a sling bullet.
You block the sling bullet.
You climb upwards.
You die...

#.##..####..#
............#
.###..#.##.## ###
.###.......# ##.########
#....##.#### ##.#.......#
##.#.##.# #..##..###.#
##...[.#
####+###'###.########
##.######
##.#g..#...##.##......
#).#
#.##.@.#...##.##.####.
.).#
####.#..g#...#..##.####.
...#
#....#.>.#.<.#........#.
)..#
#....#...#...#####.##.#.
...#######..###.>.#...#
#.##.#.
.........#..###...#...###
#......
...#####......##'###+##.#
####.##
.............###.##.....#
#...#
.............###........#
#.###


You could see 2 goblins.

Vanquished Creatures
  2 adders (D:3)
  A dart slug (D:1)
  4 endoplasms (D:1)
  2 giant cockroaches (D:1)
  2 goblins
  A hobgoblin (D:1)
  A quokka (D:1)
  2 ball pythons (D:1)
  4 bats
  4 frilled lizards
  3 kobolds (D:1)
  6 rats
32 creatures vanquished.

Notes
Turn   | Place    | Note
-------+----------+-------------------------------------------
     0 | D:1      | 112233 the Octopode Fighter began the quest for the Orb.
     0 | D:1      | Reached XP level 1. HP: 16/16 MP: 1/1
    73 | D:1      | Found Tiliel's Distillery.
   222 | D:1      | Reached XP level 2. HP: 19/21 MP: 2/2
   462 | D:1      | Reached XP level 3. HP: 18/26 MP: 3/3
   753 | D:2      | You fall into a shaft and drop 1 floor!
   769 | D:3      | Found a transporter.
   862 | D:2      | Noticed Robin
   871 | D:1      | Succumbed to a goblin's poison

Illustrated notes

Levels and vault maps discovered:
D:1:      minmay_arrival_up_and_down, layout_loops_cross, serial_shops,
          nicolae_square_shop, minmay_bisected
D:2:      layout_rooms, serial_shops, nicolae_shop_trees,
          uniq_crazy_yiuf_cottage, uniq_robin
D:3:      layout_rooms, shapermc_ecumenical_altar_mp_vishouse,
          gammafunk_ghost_mausoleum, corner_web_ring, nicolae_half_adder,
          uniq_ijyb

Action                     || total
---------------------------++-------
  Melee: Unarmed           ||    52
         Constrict         ||    14
         Tentacles         ||    16
         Punch             ||     2
   Stab: Sleeping          ||     4
 Armour: Skin              ||     2
  Dodge: Dodged            ||    32
  Block: Buckler           ||    13

Table legend: (Time is in decaauts)
 A = Elapsed time spent in this place.
 B = Non-inter-level travel time spent in this place.
 C = Inter-level travel time spent in this place.
 D = Time resting spent in this place.
 E = Time spent auto-exploring this place.
 F = Levels seen in this place.
 G = Mean time per level.
                   A        B        C        D        E       F      G
               +--------+--------+--------+--------+--------+-----+--------+
         Total |    870 |    819 |     51 |      0 |    633 |   3 |  290.0 |
       Dungeon |    870 |    819 |     51 |      0 |    633 |   3 |  290.0 |
               +--------+--------+--------+--------+--------+-----+--------+

Top non-repeatable levels by time:
     D:1: 726 daAuts
     D:3: 94 daAuts
     D:2: 49 daAuts
